 Dungeon Crawl Stone Soup version 0.28.0 (webtiles) character file.

Game seed: 13935520446777363505

226 arthad the Shield-Bearer (level 6, -3/38 HPs)
             Began as a Gargoyle Fighter on Feb 13, 2022.
             Slain by an orc (4 damage)
             ... on level 4 of the Dungeon.
             The game lasted 00:07:22 (4277 turns).

arthad the Shield-Bearer (Gargoyle Fighter)         Turns: 4277, Time: 00:07:23

Health: -3/38      AC: 11    Str: 22    XL:     6   Next: 1%
Magic:  6/6        EV:  9    Int:  8    God:
Gold:   183        SH:  4    Dex:  9    Spells: 5/5 levels left

rFire   . . .      SeeInvis .   a - +0 war axe
rCold   . . .      Faith    .   c - +0 buckler
rNeg    + . .      Spirit   .   b - +0 scale mail
rPois   ∞          Reflect  .   (no helmet)
rElec   +          Harm     .   (no cloak)
rCorr   .          Rampage  .   (no gloves)
Will    .....                   (no boots)
Stlth   ..........              (no amulet)
HPRegen 0.12/turn               (no ring)
MPRegen 0.10/turn               (no ring)

@: mighty
A: sickness immunity, AC +4, negative energy resistance 1, electricity
resistance, torment resistance 1, petrification resistance
a: no special abilities


You were on level 4 of the Dungeon.
You visited 1 branch of the dungeon, and saw 4 of its levels.
You also visited: Sewer.

You collected 183 gold pieces.

Inventory:

Hand Weapons
 a - a +0 war axe (weapon)
 o - the +9 dagger of Insomnia {venom, *Rage rC+++ Int+9 Dex-4}
   (You found it on level 3 of the Dungeon)

   It poisons the flesh of those it strikes.
   Int:       It affects your intelligence (+9).
   Dex:       It affects your dexterity (-4).
   rC:        It renders you almost immune to cold.
   *Rage:     It berserks you when you make melee attacks (+20% chance).
Armour
 b - a +0 scale mail (worn)
 c - a +0 buckler (worn)
Jewellery
 n - a ring of fire
Scrolls
 e - a scroll of torment {unknown}
 f - 3 scrolls of identify
 g - a scroll of teleportation {unknown}
 j - a scroll of blinking {unknown}
 k - a scroll of summoning {unknown}
Potions
 l - 2 potions of degeneration
 m - 5 potions of flight


   Skills:
 + Level 4.2 Fighting
 * Level 3.7 Axes
 + Level 4.2 Armour
 + Level 4.3 Shields


You had 5 spell levels left.
You didn't know any spells.
Your spell library contained the following spells:

 Spells                   Type           Power      Damage    Failure   Level
 Foxfire                  Conj/Fire      0%         2x1d4     82%         1
 Sting                    Tmut/Pois      0%         1d3       82%         1
 Summon Small Mammal      Summ           0%         N/A       82%         1
 Poisonous Vapours        Pois/Air       0%         N/A       91%         2
 Call Canine Familiar     Summ           0%         N/A       99%         3
 Conjure Flame            Conj/Fire      0%         6-21      99%         3
 Inner Flame              Hex/Fire       0%         N/A       99%         3
 Summon Guardian Golem    Hex/Summ       0%         N/A       99%         3
 Flame Wave               Conj/Fire      0%         2d4       100%        4
 Olgreb's Toxic Radiance  Pois           0%         N/A       100%        4


Dungeon Overview and Level Annotations

Branches:
Dungeon (4/15)              Sewer (visited)
 Temple: D:4-7

Altars:
Ashenzari
Wu Jian


Innate Abilities, Weirdness & Mutations

You are immune to sickness and miasma.
Your stone body is resilient. (AC +4)
You are immune to poison.
You resist negative energy. (rN+)
You are resistant to electric shocks. (rElec)
You are resistant to unholy torment.
You are immune to petrification.


Message History

The ball python constricts you.
You closely miss the ball python.
The ball python bites you but does no damage.
The ball python constricts you.
You closely miss the ball python.
The ball python bites you but does no damage.
The ball python constricts you.
The ball python bites you but does no damage.
The ball python constricts you.
You slash the ball python!
You kill the ball python!
The ogre hits you with a +0 giant club!
You barely miss the ogre. The ogre barely misses you.
You slash the ogre!
The ogre is heavily wounded.
The ogre hits you with a +0 giant club!!
Ouch! That really hurt!
* * * LOW HITPOINT WARNING * * *
The orc priest looks encouraged for a moment.
You are too injured to fight recklessly!
It was a potion of curing.
You feel better. The ogre misses you.
You are confused.
You feel invigorated.
You feel very mighty all of a sudden.
You float gracefully downwards.
The ogre barely misses you.
The orc priest invokes the aid of Beogh against you.
Beogh smites you!
* * * LOW HITPOINT WARNING * * *
You bump into the rock wall.
You feel less invigorated.
You feel less confused. The ogre hits you with a +0 giant club!
* * * LOW HITPOINT WARNING * * *
You slash the ogre!
The ogre is almost dead.
The ogre closely misses you.
You slash the ogre!
You kill the ogre!
An adder skeleton comes into view.
The orc hits you with a +0 club.
You die...

....... ..
#...# ...
#..o# ....
#.o.# .....
###...##.....#
#oZ.........#
#o#...#.##.#PP
#o#..$...#
#@###.#..# #.#
#....# #..
.......
##.......#.
.#....##..
...# ## #


You could see an orc priest, 2 orcs and an adder skeleton.

Vanquished Creatures
  An ogre (D:4)
  10 adders
  2 river rats (Sewer)
  6 worms
  4 dart slugs
  8 bats
  8 endoplasms
  3 giant cockroaches
  5 goblins
  6 hobgoblins
  4 jackals (Sewer)
  7 quokkas
  11 ball pythons
  5 frilled lizards
  5 kobolds
  9 rats
94 creatures vanquished.

Notes
Turn   | Place    | Note
-------+----------+-------------------------------------------
     0 | D:1      | arthad the Gargoyle Fighter began the quest for the Orb.
     0 | D:1      | Reached XP level 1. HP: 14/14 MP: 1/1
   318 | D:1      | Reached XP level 2. HP: 17/19 MP: 2/2
   493 | D:1      | Reached XP level 3. HP: 22/23 MP: 3/3
   730 | D:1      | Found a faded altar of an unknown god.
  1209 | D:2      | Reached XP level 4. HP: 29/29 MP: 4/4
  2048 | D:3      | Found an ornate altar of the Wu Jian Council.
  2097 | D:3      | Found a glowing drain.
  2115 | Sewer    | Entered a sewer
  2406 | Sewer    | Reached XP level 5. HP: 30/33 MP: 5/5
  3792 | D:3      | Found a broken altar of Ashenzari.
  3834 | D:3      | Reached XP level 6. HP: 34/38 MP: 6/6
  4244 | D:3      | Identified the +9 dagger of Insomnia {venom, *Rage rC+++
                  | Int+9 Dex-4}
  4275 | D:4      | HP: 1/38 [ogre (10)]
  4277 | D:4      | Slain by an orc

Illustrated notes

Levels and vault maps discovered:
D:1:      amcnicky_arrival_flooded_fountain, layout_rooms,
          shapermc_ecumenical_altar_mp_vishouse, dk_noncrumbling_4,
          minmay_split_cup_small
D:2:      layout_basic
D:3:      layout_basic, nicolae_wu_jian_glorious_leap,
          mainiacjoe_overflow_24_doors, cheibrodos_sewer_entry_bend,
          minivault_23
D:4:      layout_loops_cross, chequers_temple_overflow_statue_of_worship,
          minmay_gold_behind_fungi

Skill      XL: |  1  2  3  4  5 |
---------------+----------------+-----
Axes           | 2 3 |  3.7
Shields        | 4 |  4.3
Armour         | 4 |  4.2
Fighting       | 4 |  4.2

Action                   |  1- 3 |  4- 6 || total
-------------------------+-------+-------++-------
Melee: War axe           |    91 |   269 ||   360
  Use: Potion            |     1 |     6 ||     7
       Scroll            |       |     3 ||     3
Armor: Scale mail        |    48 |   205 ||   253
       Skin              |     1 |       ||     1
Dodge: Dodged            |    43 |   157 ||   200
Block: Buckler           |    25 |    86 ||   111
